 Dungeon Crawl Stone Soup version 0.20.1-1-g8b1a95d66d (webtiles) character file.

1332 Ivernyr the Archer (level 8, -12/61 HPs)
             Began as a Centaur Hunter on Nov 16, 2017.
             Shot with an arrow by a centaur (14 damage)
             ... on level 6 of the Dungeon.
             The game lasted 00:21:14 (7073 turns).

Ivernyr the Archer (Centaur Hunter)                 Turns: 7073, Time: 00:21:14

Health: -12/61     AC:  6    Str: 14    XL:     8   Next: 34%
Magic:  8/8        EV: 12    Int: 12    God:
Gold:   218        SH:  0    Dex: 11    Spells: 7/7 levels left

rFire    . . .     SeeInvis .   a - +1 shortbow
rCold    . . .     Gourm    .   (shield currently unavailable)
rNeg     . . .     Faith    .   c - +0 leather armour
rPois    .         Spirit   .   (no helmet)
rElec    .         Reflect  .   q - +0 cloak
rCorr    .         Harm     .   (no gloves)
MR       .....     Rnd*Tele +   (no barding)
Stlth    +.........             (no amulet)
Regen    0.2/turn               A - ring of teleportation (curse)
MPRegen  0.2/turn               w - +3 ring of evasion

@: very quick
A: hooves 3, deformed body, speed 2, tough skin 3
a: no special abilities


You were on level 6 of the Dungeon.
You were near starving.

You visited 1 branch of the dungeon, and saw 6 of its levels.

You collected 218 gold pieces.

Inventory:

Hand Weapons
 a - a +1 shortbow (weapon)
Missiles
 d - 73 arrows (quivered)
Armour
 c - a +0 leather armour (worn)
 q - a +0 cloak (worn)
Jewellery
 u - an uncursed ring of wizardry
 w - a +3 ring of evasion (right hand)
 z - an uncursed ring of resist corrosion
 A - a cursed ring of teleportation (left hand)
Scrolls
 g - 8 scrolls of teleportation {unknown}
 h - 6 scrolls of identify {unknown}
 i - a scroll of immolation {unknown}
 j - 2 scrolls of magic mapping {unknown}
 k - 2 scrolls of remove curse {unknown}
 r - a scroll of random uselessness {unknown}
 y - 2 scrolls of amnesia {unknown}
 B - a scroll of noise {unknown}
 C - a scroll of fear {unknown}
 D - a scroll of fog {unknown}
Potions
 b - 2 potions of lignification {unknown}
 e - a potion of degeneration {unknown}
 l - a potion of ambrosia {unknown}
 m - 3 potions of curing {unknown}
 o - a potion of invisibility {unknown}
 s - a potion of mutation {unknown}
 t - 2 potions of heal wounds {unknown}
 v - a potion of might {unknown}
 x - a potion of brilliance {unknown}
Comestibles
 f - 7 bread rations
 n - 4 meat rations
 p - 2 royal jellies


   Skills:
 - Level 2.0 Fighting
 * Level 10.8 Bows
 + Level 3.7 Armour
 - Level 1.3 Dodging
 - Level 0.4 Stealth
 + Level 4.6 Unarmed Combat


You had 7 spell levels left.
You didn't know any spells.

Dungeon Overview and Level Annotations

Branches:
Dungeon (6/15)
 Temple: D:4-7

Altars:
Ru
Trog
Xom

Shops:
D:5 !


Innate Abilities, Weirdness & Mutations

You have hooves in place of feet.
Armour fits poorly on your strangely shaped body.
You cover ground very quickly.
You have extremely tough skin. (AC +3)


Message History

The centaur barely misses you.
The orc hits you from afar with a trident!
* * * LOW HITPOINT WARNING * * *
The orc wizard casts a spell.
The orc wizard blinks!
Firing (i - inventory):
d - 74 arrows (quivered)
Press: ? - help, Shift-Dir - straight line, f/p - orc
Aim: an orc, wearing a scale mail (almost dead)
You shoot an arrow. The arrow hits the orc.
You kill the orc!
The centaur hits you.
* * * LOW HITPOINT WARNING * * *
The orc barely misses you.
The centaur wields an uncursed shortbow.
The centaur shoots an arrow.
The arrow hits you.
* * * LOW HITPOINT WARNING * * *
Things that are here:
a scale mail; 2 arrows The centaur shoots an arrow.
The arrow hits you!
You die...

### #.. #.# #.# #
#.###########
#.#######.##........#
####.#..(.........[...##
...........####...##....
###o@.........###.###
#[###.#########.### #(#
#..............
..%.o.c.#
###############
#########


You could see a centaur and an orc.

Vanquished Creatures
  A two-headed ogre (D:3)
  The ghost of Lichfox the Grave Robber, an amateur HuNe (D:4)
  A centaur (D:6)
  Blork the orc (D:5)
  A bullfrog (D:3)
  2 bullfrog skeletons
  A jelly (D:6)
  Crazy Yiuf (D:3)
  Ijyb (D:5)
  Terence (D:3)
  A killer bee zombie (D:6)
  6 gnolls
  3 adders
  3 shadow imps
  An ooze (D:2)
  An adder skeleton (D:4)
  A worm (D:4)
  4 dart slugs (D:1)
  3 leopard geckos
  4 orcs
  8 bats
  5 giant cockroaches
  9 goblins
  4 hobgoblins
  7 jackals
  7 kobolds
  2 quokkas
  7 frilled lizards
  3 rats
90 creatures vanquished.

Notes
Turn   | Place    | Note
-------+----------+-------------------------------------------
     0 | D:1      | Ivernyr the Centaur Hunter began the quest for the Orb.
     0 | D:1      | Reached XP level 1. HP: 17/17 MP: 1/1
   199 | D:1      | Reached XP level 2. HP: 19/24 MP: 2/2
   613 | D:1      | Reached skill level 6 in Bows
   916 | D:1      | Reached XP level 3. HP: 13/29 MP: 3/3
  1398 | D:1      | Reached skill level 1 in Armour
  1529 | D:2      | Reached skill level 1 in Unarmed Combat
  1533 | D:2      | Found a shimmering altar of Xom.
  2416 | D:3      | Reached XP level 4. HP: 32/36 MP: 4/4
  2603 | D:3      | Noticed Terence
  2655 | D:3      | Killed Terence
  2770 | D:3      | Found a runed door.
  2775 | D:3      | Noticed Crazy Yiuf
  2781 | D:3      | Killed Crazy Yiuf
  2781 | D:3      | Reached skill level 7 in Bows
  2896 | D:3      | Noticed a bullfrog
  2914 | D:3      | Killed a bullfrog
  2914 | D:3      | Reached XP level 5. HP: 18/41 MP: 5/5
  3959 | D:4      | Noticed Lichfox's ghost (amateur HuNe)
  3968 | D:4      | Reached XP level 6. HP: 24/48 MP: 6/6
  3972 | D:4      | HP: 2/48 [Lichfox's ghost/nerve-wracking pain (10)]
  4280 | D:4      | Noticed a two-headed ogre
  4375 | D:3      | Killed a two-headed ogre
  4375 | D:3      | Reached skill level 9 in Bows
  4375 | D:3      | Reached XP level 7. HP: 35/55 MP: 7/7
  4677 | D:4      | Killed Lichfox's ghost
  4677 | D:4      | Reached skill level 10 in Bows
  4748 | D:4      | Reached XP level 8. HP: 40/61 MP: 8/8
  5240 | D:5      | Entered Level 5 of the Dungeon
  5255 | D:5      | Found a sacrificial altar of Ru.
  5262 | D:5      | Found a bloodstained altar of Trog.
  5455 | D:5      | Noticed Blork the orc
  5461 | D:5      | Killed Blork the orc
  5472 | D:5      | Noticed Ijyb
  5503 | D:5      | Killed Ijyb
  5880 | D:5      | Found Sappyxie's Distillery.
  7072 | D:6      | HP: 2/61 [centaur/arrow (5)]
  7073 | D:6      | Shot with an arrow by a centaur

Skill      XL: |  1  2  3  4  5  6  7 |
---------------+----------------------+-----
Bows           | 6 7 9 10 | 10.8
Armour         | 1 2 3 |  3.7
Unarmed Combat | 1 2 3 4 |  4.6
Fighting       | |  2.0
Dodging        | |  1.3
Stealth        | |  0.4

Action                   |  1- 3 |  4- 6 |  7- 9 || total
-------------------------+-------+-------+-------++-------
Melee: Unarmed           |   173 |   143 |   106 ||   422
       Kick              |    33 |    30 |    28 ||    91
 Fire: Shortbow          |     2 |    41 |    48 ||    91
  Eat: Chunk             |     3 |     5 |     5 ||    13
       Fruit             |       |       |     2 ||     2
Armor: Leather armour    |    59 |    63 |    34 ||   156
Dodge: Dodged            |    70 |    76 |    99 ||   245
